Map: Port Aleksander LE

Players

Scarlett - Winner!

  • Race: Zerg Zerg
  • Spawn Location: 11:00

Rex

  • Race: Zerg Zerg
  • League: Master
  • Spawn Location: 5:00

Event: 2019 WCS Winter Americas

VOD

Have the link to the VOD?

Description

Time

  • Played on: Feb. 14, 2019, 1:24 p.m.
  • Length: 8:19

All games in this series

Show
View Real Time Build Order
Export as new Build Order

Scarlett Zerg - Winner!

Build Orders: Hatch First 

Get SALT Encoding   

  12  0:00  Drone  
  13  0:13  Overlord  
  13  0:17  Drone  
  14  0:31  Drone x2  
  16  0:48  Hatchery  
  15  0:52  Drone  
  15  0:56  Drone  
  17  0:59  Drone  
  18  1:10  Extractor  
  17  1:14  Spawning Pool  
  17  1:18  Drone  
  17  1:21  Drone  
  18  1:28  Drone  
  19  1:39  Drone  
  20  1:50  Overlord  
  21  2:01  Queen x2, Drone x2  
  26  2:10  Metabolic Boost  
  26  2:12  Drone  
  26  2:14  Drone  
  28  2:21  Drone  
  29  2:23  Zergling x2  
  30  2:33  Zergling x2, Drone  
  32  2:41  Hatchery  
  31  2:45  Drone x2  
  31  2:50  Baneling Nest  
  32  2:57  Overlord  
  32  3:01  Zergling x2  
  33  3:06  Drone x2  
  33  3:11  Drone  
  36  3:13  Overlord  
  36  3:16  Drone x3  
  36  3:18  Drone  
  40  3:21  Drone  
  40  3:24  Evolution Chamber  
  40  3:31  Zergling x2  
  40  3:32  Zergling x4  
  43  3:34  Baneling x2  
  43  3:35  Baneling x2  
  43  3:42  Zergling x8  
  43  3:48  Overlord  
  46  3:58  Drone  
  46  3:59  Drone x5  
  51  4:04  Zerg Missile Weapons Level 1  
  51  4:07  Queen  
  53  4:12  Baneling  
  53  4:14  Drone x3  
  56  4:17  Extractor, Drone  
  56  4:18  Drone x2  
  56  4:19  Extractor  
  56  4:21  Drone  
  58  4:25  Roach Warren  
  58  4:28  Drone x2  
  59  4:32  Overlord  
  59  4:37  Drone x3  
  62  4:46  Lair  
  62  4:51  Drone x7  
  68  4:54  Baneling  
  68  4:57  Overlord  
  68  4:59  Zergling x4  
  70  5:01  Baneling x4  
  70  5:06  Overlord x2  
  70  5:08  Roach  
  70  5:12  Roach  
  73  5:16  Roach x3  
  76  5:24  Roach x2, Zergling x2  
  76  5:25  Zergling x6  
  78  5:29  Roach, Zergling x4  
  78  5:33  Roach x2  
  84  5:36  Roach  
  84  5:41  Roach, Queen  
  87  5:44  Roach, Zergling x2  
  85  5:50  Baneling x2  
  85  5:52  Queen  
  85  5:54  Queen  
  89  6:01  Zergling x6  
  92  6:14  Baneling x2  
  92  6:16  Drone x6  
  98  6:19  Extractor  
  98  6:20  Extractor  
  98  6:24  Overlord x2  
  96  6:27  Glial Reconstitution  
  96  6:28  Overlord  
  94  6:42  Overlord x3  
  94  6:43  Overseer  
  93  6:49  Roach x5  
  103  6:54  Overlord  
  103  7:00  Roach x3  
  103  7:01  Overseer  
  109  7:05  Roach x4  
  117  7:09  Roach x3  
  117  7:15  Roach x2  
  127  7:18  Hatchery  
  126  7:25  Roach  
  126  7:26  Roach x5  
  138  7:35  Hatchery, Overlord  
  138  7:36  Roach x7  
  151  7:46  Overlord x2  
  149  7:58  Roach x6  
Show
View Real Time Build Order
Export as new Build Order

Rex Zerg 

Build Orders: Hatch First, Zergling Baneling 

Get SALT Encoding   

  12  0:00  Drone  
  13  0:13  Overlord  
  13  0:17  Drone  
  14  0:31  Drone x2  
  16  0:49  Hatchery  
  15  0:52  Drone  
  15  0:55  Drone  
  17  0:59  Drone  
  18  1:09  Extractor  
  17  1:15  Spawning Pool  
  16  1:18  Drone  
  16  1:22  Drone  
  18  1:28  Drone  
  19  1:40  Drone  
  20  1:50  Drone  
  21  2:01  Queen x2  
  21  2:02  Overlord  
  21  2:03  Zergling x2  
  26  2:11  Drone  
  26  2:12  Metabolic Boost  
  26  2:14  Drone  
  28  2:24  Drone  
  29  2:37  Hatchery  
  28  2:44  Queen  
  28  2:46  Zergling x4  
  28  2:48  Zergling x2  
  33  2:56  Overlord  
  34  2:58  Zergling x4  
  34  3:02  Zergling x2  
  35  3:15  Zergling x12  
  35  3:16  Zergling x2  
  35  3:19  Zergling x2  
  43  3:32  Zergling x2  
  44  3:36  Overlord  
  44  3:41  Baneling Nest  
  43  3:43  Drone  
  41  3:57  Drone x2  
  41  3:59  Drone x2  
  41  4:00  Drone  
  41  4:01  Drone x2  
  42  4:04  Drone  
  41  4:10  Zergling x2  
  41  4:11  Zergling x2, Drone  
  41  4:12  Zergling x4  
  46  4:18  Zergling x2  
  46  4:21  Zergling x2  
  46  4:22  Zergling x2  
  46  4:23  Zergling x2  
  50  4:25  Zergling x4  
  50  4:28  Zergling x2  
  53  4:37  Zergling x6  
  53  4:38  Baneling x2  
  56  4:42  Zergling x2  
  56  4:44  Overlord  
  56  4:45  Overlord  
  57  4:50  Baneling x6  
  57  4:55  Zergling x2  
  58  5:00  Overlord  
  58  5:04  Zergling x2  
  58  5:06  Zergling x4  
  61  5:09  Zergling x4  
  61  5:11  Baneling x2  
  61  5:13  Zergling x4  
  59  5:17  Zergling x4  
  59  5:19  Baneling, Zergling x4  
  62  5:23  Zergling x4  
  62  5:26  Zergling x4  
  58  5:30  Zergling x4  
  58  5:31  Zergling x4  
  58  5:32  Zergling x2  
  58  5:34  Zergling x2  
  63  5:36  Zergling x2  
  63  5:38  Zergling x2  
  63  5:40  Zergling x2  
  63  5:42  Zergling x2  
  65  5:47  Zergling x4  
  65  5:49  Zergling x2  
  63  5:53  Drone  
  63  5:54  Drone  
  64  5:57  Drone  
  64  5:58  Drone  
  66  6:04  Roach Warren  
  66  6:05  Extractor  
  66  6:06  Drone  
  66  6:07  Drone  
  66  6:10  Drone  
  64  6:11  Drone  
  64  6:16  Drone x2  
  64  6:17  Drone  
  68  6:20  Drone  
  68  6:23  Drone  
  69  6:26  Drone x2  
  69  6:28  Drone x2  
  69  6:30  Extractor, Drone  
  73  6:33  Extractor  
  73  6:35  Lair  
  72  6:41  Overlord x2  
  72  6:43  Overlord  
  72  6:49  Drone x2  
  72  6:50  Drone  
  72  6:51  Roach  
  77  6:54  Overlord  
  77  6:56  Overlord  
  77  7:05  Roach x2  
  77  7:06  Roach  
  84  7:08  Roach x2  
  84  7:09  Roach  
  84  7:11  Roach  
  84  7:14  Roach  
  84  7:15  Roach  
  92  7:17  Roach  
  92  7:20  Roach  
  96  7:23  Roach  
  96  7:26  Ravager, Roach  
  100  7:32  Roach  
  100  7:33  Roach  
  100  7:34  Roach  
  100  7:35  Roach  
  108  7:39  Overseer  
  108  7:47  Roach x2  
  108  7:50  Roach  
  101  7:53  Roach x2  
  101  7:55  Roach  
  101  7:56  Roach  
  108  8:03  Extractor  
Tags
 
Add a new tag
Caveats
  • Supply blocks, unpowered buildings, or Contaminate may cause inaccurate times.
  • Supply counts are checked every 10 seconds.